 Dungeon Crawl Stone Soup version 0.29.1-15-g9cfb28693d (webtiles) character file.

Game seed: 9200126799369997988

4188 DearestLeader the Geomancer (level 10, 0/59 HPs)
             Began as a Gargoyle Earth Elementalist on Mar 23, 2023.
             Was a Follower of Vehumet.
             Slain by a hellwing (5 damage)
             ... on level 7 of the Dungeon.
             The game lasted 00:20:22 (6768 turns).

DearestLeader the Geomancer (GrEE)                  Turns: 6768, Time: 00:20:23

Health: 0/59       AC: 23    Str: 12    XL:     10   Next: 29%
Magic:  9/17       EV: 10    Int: 20    God:    Vehumet [*.....]
Gold:   250        SH:  0    Dex: 10    Spells: 11/19 levels left

rFire   . . .      SeeInvis .   F - +1 dagger (holy)
rCold   . . .      Faith    .   (no shield)
rNeg    + . .      Spirit   .   L - +1 swamp dragon scales
rPois   ∞          Reflect  .   (no helmet)
rElec   +          Harm     .   f - +0 cloak
rCorr   .          Rampage  .   G - +0 pair of gloves
Will    .....                   (no boots)
Stlth   +.........              C - amulet of regeneration
HPRegen 0.99/turn               z - +4 ring of protection
MPRegen 0.15/turn               r - ring of wizardry

@: no status effects
A: sickness immunity, AC +7, negative energy resistance 1, electricity
resistance, torment resistance 1, petrification resistance
a: Renounce Religion


You were on level 7 of the Dungeon.
You worshipped Vehumet.
Vehumet was aware of your devotion.
You visited 2 branches of the dungeon, and saw 8 of its levels.
You also visited: Sewer.

You collected 250 gold pieces.

Inventory:

Hand Weapons
 i - a +0 vorpal war axe
 F - a +1 dagger of holy wrath (weapon)
 J - a +2 whip of flaming
 K - a +4 vorpal dire flail
Missiles
 e - 23 poisoned darts
 k - 90 stones (quivered)
Armour
 f - a +0 cloak (worn)
 G - a +0 pair of gloves (worn)
 L - +1 swamp dragon scales (worn)
Magical Staves
 j - a staff of death
Jewellery
 o - a +6 ring of strength
 r - a ring of wizardry (right hand)
 y - an amulet of guardian spirit
 z - a +4 ring of protection (left hand)
 C - an amulet of regeneration (around neck)
Wands
 c - a wand of iceblast (8)
 w - a wand of light (7)
 A - a wand of polymorph (10)
Scrolls
 a - 3 scrolls of teleportation
 l - a scroll of enchant armour
 m - 4 scrolls of butterflies
 q - 2 scrolls of summoning
 t - 2 scrolls of immolation
 v - 2 scrolls of amnesia
 B - a scroll of blinking
 D - a scroll of poison
 I - a scroll of noise {unknown}
Potions
 b - 4 potions of magic
 d - 2 potions of resistance {unknown}
 g - 3 potions of might {unknown}
 h - 4 potions of brilliance
 n - 2 potions of curing {unknown}
 p - 3 potions of mutation
 s - a potion of haste {unknown}
 E - 2 potions of flight {unknown}
 H - a potion of lignification {unknown}


   Skills:
 - Level 5.0 Fighting
 - Level 5.0 Armour
 - Level 2.0 Dodging
 - Level 2.1 Stealth
 - Level 5.0 Spellcasting
 + Level 7.0 Conjurations
 - Level 1.0 Transmutations
 * Level 12.3 Earth Magic


You had 11 spell levels left.
You knew the following spells:

 Your Spells              Type           Power      Damage    Failure   Level
a - Sandblast             Erth           100%       2d20      1%          1
b - Stone Arrow           Conj/Erth      86%        3d12      1%          3
c - Petrify               Tmut/Erth      31%        N/A       6%          4

Your spell library contained the following spells:

 Spells                   Type           Power      Damage    Failure   Level
 Shock                    Conj/Air       76%        1d7       2%          1
 Passwall                 Tmut/Erth      25%        N/A       1%          2
 Poisonous Vapours        Pois/Air       10%        N/A       16%         2
 Gell's Gravitas          Tloc           5%         N/A       28%         3
 Lesser Beckoning         Tloc           5%         N/A       28%         3
 Teleport Other           Tloc           5%         N/A       28%         3
 Corpse Rot               Necr/Pois/Air  5%         N/A       65%         4
 Summon Forest            Summ/Tloc      2%         N/A       92%         5
 Dispersal                Tloc           2%         N/A       100%        6
 Monstrous Menagerie      Summ           2%         N/A       100%        7
 Summon Hydra             Summ           2%         N/A       100%        7
 Disjunction              Tloc           2%         N/A       100%        8


Dungeon Overview and Level Annotations

Branches:
Dungeon (7/15)             Temple (1/1) D:5           Sewer (visited)

Altars:
Ashenzari
Cheibriados
Gozag
Hepliaklqana
Makhleb
Nemelex Xobeh
Okawaru
Ru
Uskayaw
Vehumet


Innate Abilities, Weirdness & Mutations

You are immune to sickness and miasma.
Your stone body is resilient. (AC +7)
You are immune to poison.
You resist negative energy. (rN+)
You are resistant to electric shocks. (rElec)
You are resistant to unholy torment.
You are immune to petrification.


Message History

As you read the scroll of teleportation, it crumbles to dust.
You feel strangely unstable. The shadow imp gestures at you.
You struggle to resist.
The hellwing hits you!
* * * LOW HITPOINT WARNING * * *
The hellwing hits you but does no damage.
Unknown command.
You hit the shadow imp but do no damage.
The shadow imp is moderately wounded.
The shadow imp hits you but does no damage.
The hellwing hits you but does no damage.
The hellwing hits you.
* * * LOW HITPOINT WARNING * * *
You hit the shadow imp.
The shadow imp convulses.
The shadow imp is severely wounded.
The shadow imp gestures at you.
You struggle to resist.
The hellwing barely misses you.
The hellwing hits you but does no damage.
Unknown command.
You hit the shadow imp but do no damage.
The shadow imp is severely wounded.
Your surroundings seem slightly different.
The centaur warrior zombie hits you.
* * * LOW HITPOINT WARNING * * *
The centaur warrior zombie kicks you but does no damage.
Casting: Stone Arrow (safe; 1% risk of failure)
Confirm with . or Enter, or press ? or * to list all spells.
Aiming: Sandblast (safe; 1% risk of failure)
Press: ? - help, Shift-Dir - straight line, f/p - hellwing
Aim: a hellwing (translocational energy, moderately wounded, 85% to hit)
The blast of sand hits the centaur warrior zombie!!
The centaur warrior zombie is heavily damaged.
The centaur warrior zombie hits you but does no damage.
The centaur warrior zombie kicks you but does no damage.
The centaur warrior zombie hits you!
* * * LOW HITPOINT WARNING * * *
The centaur warrior zombie closely misses you.
The hellwing swoops through the air toward you!
The hellwing closely misses you. The hellwing hits you.
You die...

##...P.P8.....P
..............#
####...........##
#................
#................
#................
#................
#.......##
##########@4......#######
.......§5Z.........))...# #
##########......$###.##.#.#
#.......# #....#.#
#.......# ###....#
######### ##.#>. #.# # #.#
#.#


You could see a hellwing, a shadow imp and a centaur warrior zombie.

Vanquished Creatures
  Pikel (D:6)
  2 centaur zombies (D:7)
  A centaur skeleton (D:7)
  Maggie (D:6)
  A meliai zombie (D:7)
  A harpy skeleton (D:7)
  Prince Ribbit (D:5)
  A steam dragon (D:6)
  Edmund (D:6)
  A water moccasin (D:6)
  3 phantoms
  2 kobold brigands (Sewer)
  2 necrophages
  2 scorpions
  3 wights (D:6)
  3 killer bees (D:6)
  6 hounds
  3 orc priests
  2 jellies
  An iguana (D:5)
  3 orc wizards
  3 river rats (Sewer)
  12 adders
  2 shadow imps (D:7)
  2 white imps (D:6)
  An ufetubus (D:5)
  4 worms
  2 dart slugs (D:1)
  9 orcs
  13 ball pythons
  9 endoplasms
  3 giant cockroaches
  8 goblins
  4 hobgoblins
  4 jackals (Sewer)
  15 kobolds
  4 quokkas
  6 bats
  5 frilled lizards
  9 rats
156 creatures vanquished.

Vanquished Creatures (others)
  18 plants (Sewer)
  4 withered plants (D:7)
22 creatures vanquished.

Grand Total: 178 creatures vanquished

Notes
Turn   | Place    | Note
-------+----------+-------------------------------------------
     0 | D:1      | DearestLeader the Gargoyle Earth Elementalist began the
                  | quest for the Orb.
     0 | D:1      | Reached XP level 1. HP: 10/10 MP: 3/3
    81 | D:1      | Reached skill level 4 in Earth Magic
   262 | D:1      | Reached XP level 2. HP: 15/15 MP: 1/5
   992 | D:1      | Reached XP level 3. HP: 19/19 MP: 4/6
  1153 | D:2      | Reached skill level 5 in Earth Magic
  1398 | D:2      | Reached skill level 1 in Transmutations
  1406 | D:2      | Learned a level 3 spell: Stone Arrow
  1554 | D:2      | Reached XP level 4. HP: 24/24 MP: 5/7
  1662 | D:2      | Reached skill level 1 in Fighting
  2155 | D:3      | Noticed a phantom
  2160 | D:3      | Killed a phantom
  2161 | D:3      | Reached skill level 1 in Armour
  2161 | D:3      | Reached skill level 1 in Conjurations
  2161 | D:3      | Reached XP level 5. HP: 29/29 MP: 2/8
  2457 | D:3      | Found a faded altar of an unknown god.
  2961 | D:3      | Reached skill level 6 in Earth Magic
  3060 | D:4      | Reached XP level 6. HP: 34/35 MP: 5/9
  3295 | D:4      | Found a glowing drain.
  3304 | Sewer    | Entered a sewer
  3358 | Sewer    | Reached XP level 7. HP: 37/40 MP: 8/11
  3631 | Sewer    | Reached skill level 7 in Earth Magic
  4614 | D:5      | Entered Level 5 of the Dungeon
  4614 | D:5      | Noticed Prince Ribbit
  4736 | D:5      | Reached XP level 8. HP: 39/45 MP: 9/13
  4770 | D:5      | Reached skill level 8 in Earth Magic
  4812 | D:5      | Learned a level 4 spell: Petrify
  4918 | D:5      | Killed Prince Ribbit
  5017 | D:5      | Found a staircase to the Ecumenical Temple.
  5064 | Temple   | Entered the Ecumenical Temple
  5084 | Temple   | Became a worshipper of Vehumet
  5239 | D:5      | Got Ismorgh's Vellum of the Commander
  5584 | D:6      | Noticed Pikel
  5630 | D:6      | Killed Pikel
  5631 | D:6      | Reached skill level 9 in Earth Magic
  5631 | D:6      | Reached XP level 9. HP: 52/52 MP: 11/15
  5724 | D:6      | Noticed Edmund
  5738 | D:6      | Killed Edmund
  5938 | D:6      | Reached skill level 5 in Armour
  5938 | D:6      | Reached skill level 5 in Conjurations
  5938 | D:6      | Reached skill level 10 in Earth Magic
  6045 | D:6      | Reached skill level 5 in Spellcasting
  6110 | D:6      | Noticed Maggie
  6118 | D:6      | Killed Maggie
  6119 | D:6      | Reached skill level 5 in Fighting
  6655 | D:7      | Reached skill level 11 in Earth Magic
  6655 | D:7      | Reached XP level 10. HP: 36/59 MP: 13/17
  6677 | D:7      | Reached skill level 12 in Earth Magic
  6697 | D:7      | Reached * piety under Vehumet
  6697 | D:7      | Offered knowledge of Shock by Vehumet.
  6768 | D:7      | Slain by a hellwing

Illustrated notes

Levels and vault maps discovered:
D:1:      sevenhm_arrival_forest_fort_small_4, layout_loops_ring,
          minmay_crystal_room, hangedman_decor_opposing, minmay_statues_item,
          nrook_campfire
D:2:      layout_loops_ring, minmay_snake_closets
D:3:      layout_loops_corners, hellmonk_ecumenical_altar_lost_god,
          minmay_strange_pillars
D:4:      layout_rooms, cheibrodos_sewer_entry_bend
D:5:      layout_basic, minmay_temple_entry_sparse_star, uniq_prince_ribbit1
D:6:      layout_loops_ring, uniq_maggie, uniq_edmund, uniq_pikel
D:7:      cheibrodos_grave_circle, layout_basic
Temple:   compressed_dpeg_circular_temple

Skill      XL: |  1  2  3  4  5  6  7  8  9 10 |
---------------+-------------------------------+-----
Earth Magic    | 4 5 6 7 9 11 12 | 12.3
Transmutations | 1 |  1.0
Fighting       | 1 2 4 5 |  5.0
Dodging        | 2 |  2.0
Armour         | 1 2 3 4 5 |  5.0
Conjurations   | 1 2 3 4 6 7 |  7.0
Spellcasting   | 3 4 5 |  5.0
Stealth        | |  2.1

Action                   |  1- 3 |  4- 6 |  7- 9 | 10-12 || total
-------------------------+-------+-------+-------+-------++-------
Melee: Unarmed           |    21 |       |       |       ||    21
       Whip              |    54 |    69 |    82 |     6 ||   211
       War axe           |       |    19 |    75 |       ||    94
       Short sword       |       |       |   259 |       ||   259
       Punch             |       |       |     1 |     2 ||     3
       Dagger            |       |       |     3 |    50 ||    53
 Cast: Sandblast         |    21 |    26 |    52 |     9 ||   108
       Stone Arrow       |       |       |     7 |     2 ||     9
  Use: Scroll            |       |    10 |     3 |     1 ||    14
 Stab: Sleeping          |     3 |     5 |     1 |       ||     9
Armor: Robe              |    31 |    43 |    47 |       ||   121
       Leather armour    |       |       |   172 |       ||   172
       Swamp dragon scal |       |       |    72 |   115 ||   187
Dodge: Dodged            |    61 |    68 |   318 |    60 ||   507
